 Dungeon Crawl Stone Soup version 0.20-a0-1026-gc3ddcbd (webtiles) character file.

36594 Duffy the Severer (level 14, -2/136 HPs)
             Began as a Formicid Chaos Knight on Apr 21, 2017.
             Slain by a 13-headed hydra (12 damage)
             ... on level 5 of the Lair of Beasts.
             The game lasted 00:19:25 (17191 turns).

Duffy the Severer (Formicid Chaos Knight)          Turns: 17191, Time: 00:19:26

Health: -2/136     AC: 32    Str: 23    XL:     14   Next: 24%
Magic:  14/14      EV:  9    Int: 15    God:    Xom [..*...]
Gold:   1166       SH:  0    Dex: 18    Spells: 13/13 levels left

rFire    + . .     SeeInvis +   c - +6 broad axe of the Hierophant {chaos, rF+ rC+ Str-3 Dex+6}
rCold    + + .     Gourm    .   (no shield)
rNeg     + + .     Faith    .   y - +8 chain mail of the Armoured One {rElec rN++ MR+}
rPois    +         Spirit   .   (helmet unavailable)
rElec    +         Reflect  .   F - +2 cloak {rPois}
rCorr    .         Harm     .   r - +2 pair of gloves
MR       ++...     Clarity  +   (no boots)
Stlth    ..........             (no amulet)
Regen    0.4/turn               (no ring)
MPRegen  0.2/turn               u - +5 ring of strength

@: no status effects
A: permanent stasis, dig shafts and tunnels, four strong arms, antennae 3, beak,
claws 1, talons 1, icy blue scales 1, iridescent scales 1, agile 1, clarity,
clever 1, cold resistance 1, mutation resistance 1, poison resistance, robust 2,
shaggy fur 1, electricity resistance, wild magic 2
a: Dig, Shaft Self, Renounce Religion


You were on level 5 of the Lair of Beasts.
You worshipped Xom.
You were a toy of Xom.
You were hungry.

You visited 2 branches of the dungeon, and saw 15 of its levels.
You also visited: Volcano.

You collected 1382 gold pieces.
You spent 216 gold pieces at shops.

Inventory:

Hand Weapons
 c - the +6 broad axe of the Hierophant (weapon) {chaos, rF+ rC+ Str-3 Dex+6}
   (Xom gifted it to you on level 4 of the Lair of Beasts)

   Each time it hits an enemy it has a different, random effect.
   It affects your strength (-3).
   It affects your dexterity (+6).
   It protects you from fire.
   It protects you from cold.
 L - a +2 battleaxe of flaming
Missiles
 s - 4 curare-tipped needles
Armour
 r - a +2 pair of gloves (worn)
 y - the +8 chain mail of the Armoured One (worn) {rElec rN++ MR+}
   (You found it on level 8 of the Dungeon)

   It insulates you from electricity.
   It greatly protects you from negative energy.
   It affects your resistance to hostile enchantments.
 F - a +2 cloak of poison resistance (worn)
 N - a cursed scarf of spirit shield
Jewellery
 p - a cursed ring of ice
 u - a +5 ring of strength (right hand)
Scrolls
 a - 2 scrolls of identify
 b - a scroll of fear
 e - 4 scrolls of enchant weapon
 f - 2 scrolls of vulnerability
 g - 2 scrolls of remove curse
 m - 4 scrolls of immolation
 x - 2 scrolls of recharging
 B - a scroll of summoning
 E - 4 scrolls of enchant armour
Potions
 d - 2 potions of magic
 i - 2 potions of heal wounds
 o - a potion of curing
 w - a potion of invisibility
 z - a potion of mutation
 A - a potion of lignification
 M - a potion of resistance
Comestibles
 n - 8 meat rations
 D - 19 fruits
 I - 9 royal jellies


   Skills:
 - Level 11.8 Fighting
 + Level 17.6 Axes
 - Level 11.0 Armour
 - Level 0.8 Dodging


You had 13 spell levels left.
You didn't know any spells.

Dungeon Overview and Level Annotations

Branches:
Dungeon (10/15)            Temple (0/1) D:5            Lair (5/6) D:10
  Swamp (0/4) Lair:3        Snake (0/4) Lair:2          Orc (0/2) D:9
  Slime: Lair:5-6

Altars:
Ashenzari
Cheibriados
Dithmenos
Fedhas
Gozag
Kikubaaqudgha
Qazlal
Trog
Wu Jian
Xom
Yredelemnul
Zin
The Shining One

Shops:
D:7 :(   D:10 %(

Annotations:
Lair:3 2 exclusions


Innate Abilities, Weirdness & Mutations

You cannot be hasted, slowed, berserked, paralysed or teleported.
You can dig through walls and to a lower floor.
Your four strong arms can wield two-handed weapons with a shield.
You have a pair of large antennae on your head. (SInv)
You have a beak for a mouth.
You have sharp fingernails.
You have sharp toenails.
You are partially covered in icy blue scales. (AC +2)
You are partially covered in iridescent scales. (AC +2)
You are agile. (Dex +2)
You possess an exceptional clarity of mind.
Your mind is acute. (Int +2)
Your flesh is cold resistant. (rC+)
You are somewhat resistant to further mutation.
Your system is resistant to poisons. (rPois)
You are very robust. (+20% HP)
You are covered in fur. (AC +1)
You are resistant to electric shocks. (rElec)
Your spells are harder to cast, but more powerful.


Message History

The 11-headed hydra grows two more!
You slice the 13-headed hydra!!
You claw the 13-headed hydra, but do no damage.
The 13-headed hydra is heavily wounded.
You slash the bullfrog! The bullfrog closely misses you.
The 13-headed hydra bites you but does no damage. x4
The 13-headed hydra completely misses you.
The 13-headed hydra bites you but does no damage.
The 13-headed hydra barely misses you. x2
The 13-headed hydra bites you but does no damage. x4
The 13-headed hydra bites you.
The bullfrog hits you but does no damage.
You completely miss the 13-headed hydra.
You claw the 13-headed hydra, but do no damage.
You peck the 13-headed hydra.
The 13-headed hydra is heavily wounded.
You barely miss the bullfrog.
The 13-headed hydra bites you but does no damage. x3
The 13-headed hydra bites you!
You die...
Xom cackles wildly!

.. ...... ##.. ...... ##.P..
####### #...... ..##....##
####.....##.......
.....>...##. #.....#...#....#
P..##......###..D%......P....
............#...@F...%.......
.................%..%%...#
#..........#.......<..P#.....
###....##.#..........## ###
#..#.##.............#
#...####.../......###
#####.#..#.............#
...............#....#.#.#
.....#....#....#>..#....P


You could see a 13-headed hydra (petrifying) and a bullfrog.

Vanquished Creatures
  Harold (Lair:2)
  A hydra (D:10)
  A catoblepas (Lair:5)
  2 two-headed ogres (D:9)
  A death yak (Lair:5)
  Nergalle (D:10)
  2 skeletal warriors (Volcano)
  3 anaconda skeletons (Volcano)
  An oklob plant (Lair:4)
  Maurice (D:9)
  5 elephants (Lair:5)
  Joseph (D:10)
  A black mamba (Lair:2)
  7 spiny frogs
  5 gargoyles (Volcano)
  6 komodo dragons
  2 polar bears
  A troll (D:9)
  A queen bee (D:9)
  22 blink frogs
  Grinder (D:5)
  Prince Ribbit (Lair:2)
  3 hippogriffs
  3 flying skulls (Volcano)
  26 yaks
  2 alligator skeletons (Volcano)
  3 fire bats (Lair:2)
  A hungry ghost (D:8)
  A steam dragon (D:10)
  3 basilisks
  Grum (D:9)
  3 nagas (Lair:2)
  7 water moccasins
  15 porcupines
  4 phantoms
  A sky beast (shapeshifter) (D:9)
  2 sky beasts
  4 black bears
  5 ogres
  2 orc warriors (D:10)
  A necrophage (D:10)
  8 wolves
  3 centaurs
  8 crocodiles
  18 bullfrogs
  A wyvern zombie (D:10)
  5 scorpions
  17 killer bees
  2 spriggan skeletons (Volcano)
  3 wights (D:8)
  An electric eel (Lair:3)
  3 crimson imps
  7 jellies
  A quasit (D:9)
  A bullfrog zombie (D:6)
  5 hounds
  5 orc priests
  5 orc wizards
  2 bullfrog skeletons
  2 centaur skeletons (D:9)
  4 iguanas
  8 worker ants
  2 hound zombies
  2 hound skeletons
  A mummy (D:9)
  8 adders
  A shadow imp (D:3)
  11 oozes
  An adder skeleton (D:7)
  2 worms
  A dart slug (D:1)
  10 leopard geckos
  29 orcs
  3 ball pythons
  3 bats
  3 giant cockroaches
  8 goblins
  7 hobgoblins
  24 jackals
  6 quokkas
  9 frilled lizards
  14 kobolds
  3 leopard gecko skeletons
  5 rats
  2 fungi (Lair:2)
  3 plants
421 creatures vanquished.

Vanquished Creatures (collateral kills)
  A two-headed ogre (D:10)
  Urug (D:10)
  A yak (Lair:4)
  3 basilisks (Lair:4)
  A bullfrog (Lair:4)
  A killer bee (D:10)
  A troll skeleton (Volcano)
  3 orcs (D:10)
12 creatures vanquished.

Vanquished Creatures (others)
  A harpy skeleton (Volcano)
  A hippogriff (D:10)
  2 naga skeletons (Volcano)
  2 fungi (Lair:2)
  5 plants
  8 toadstools (D:3)
19 creatures vanquished.

Grand Total: 452 creatures vanquished

Notes
Turn   | Place    | Note
-------+----------+-------------------------------------------
     0 | D:1      | Duffy the Formicid Chaos Knight began the quest for the Orb.
     0 | D:1      | Reached XP level 1. HP: 18/18 MP: 1/1
   367 | D:1      | XOM: potion effect (invisibility)
   378 | D:1      | Reached XP level 2. HP: 21/24 MP: 2/2
   495 | D:1      | XOM: harmless Pois miscast
  1086 | D:1      | Reached skill level 4 in Axes
  1086 | D:1      | Reached XP level 3. HP: 23/29 MP: 3/3
  1397 | D:2      | XOM: medium Necr miscast
  1398 | D:2      | Noticed a shadow
  1398 | D:2      | Noticed a shadow
  1640 | D:2      | Found an ornate altar of the Wu Jian Council.
  1708 | D:2      | Reached XP level 4. HP: 35/35 MP: 4/4
  2023 | D:3      | Gained mutation: Your muscles are strong. (Str +2) [potion of mutation]
  2023 | D:3      | Gained mutation: Your magical capacity is low. (-10% MP) [potion of mutation]
  2023 | D:3      | Gained mutation: Your flesh is heat resistant. (rF+) [potion of mutation]
  2036 | D:3      | XOM: silly message
  2053 | D:2      | Reached skill level 5 in Axes
  2152 | D:3      | Reached XP level 5. HP: 36/41 MP: 4/4
  2152 | D:3      | XOM: mild Hex miscast
  2314 | D:3      | Reached skill level 6 in Axes
  2483 | D:3      | Reached XP level 6. HP: 41/47 MP: 5/5
  2608 | D:3      | Lost mutation: Your muscles are strong. (Str +2) [potion of mutation]
  2608 | D:3      | Lost mutation: Your magical capacity is low. (-10% MP) [potion of mutation]
  2608 | D:3      | Lost mutation: Your flesh is heat resistant. (rF+) [potion of mutation]
  2608 | D:3      | Gained mutation: You are agile. (Dex +2) [potion of mutation]
  2608 | D:3      | Gained mutation: You are partially covered in slimy green scales. (AC +2) [potion of mutation]
  2637 | D:3      | Found a bloodstained altar of Trog.
  2639 | D:3      | Found a shadowy altar of Dithmenos.
  2641 | D:3      | Found a stormy altar of Qazlal.
  2641 | D:3      | Found an opulent altar of Gozag.
  2970 | D:4      | Noticed an ogre
  3087 | D:3      | XOM: divination: detect items
  3092 | D:3      | XOM: confuse monster(s)
  3434 | D:3      | XOM: polymorph orc -> leopard gecko
  3694 | D:3      | Killed an ogre
  3694 | D:3      | Reached skill level 7 in Axes
  3694 | D:3      | Reached XP level 7. HP: 31/52 MP: 7/7
  3727 | D:3      | XOM: cloud trail
  3904 | D:4      | XOM: smoke on damage
  3908 | D:4      | XOM: smoke on damage
  4275 | D:4      | XOM: potion effect (heal wounds)
  4288 | D:4      | XOM: cleaving
  4304 | D:4      | XOM: fog
  4385 | D:4      | XOM: cast spell 'Cause Fear'
  4400 | D:4      | XOM: butterfly on damage
  4592 | D:4      | Found a glowing golden altar of the Shining One.
  4654 | D:4      | Reached skill level 8 in Axes
  4654 | D:4      | Reached XP level 8. HP: 49/58 MP: 8/8
  4884 | D:4      | XOM: cloud trail
  5036 | D:4      | XOM: cleaving
  5063 | D:5      | Entered Level 5 of the Dungeon
  5248 | D:5      | Reached skill level 9 in Axes
  5332 | D:5      | XOM: give mutations
  5332 | D:5      | Gained mutation: You are somewhat resistant to further mutation. [Xom's grace]
  5332 | D:5      | Gained mutation: Your muscles are strong. (Str +2) [Xom's grace]
  5515 | D:5      | Found a staircase to the Ecumenical Temple.
  5551 | D:5      | Noticed Grinder
  5563 | D:5      | Killed Grinder
  5563 | D:5      | Reached skill level 10 in Axes
  5653 | D:5      | XOM: god gift: scroll labeled LIDU GYAPIX {god gift}
  5659 | D:5      | XOM: scenery: create altars
  5678 | D:5      | Reached XP level 9. HP: 52/64 MP: 9/9
  5683 | D:5      | Identified a scroll of acquirement
  5684 | D:5      | Got a jewelled quick blade
  5685 | D:5      | Identified the +9 quick blade of the Equator {flame, Int+2} (You acquired it on level 5 of the Dungeon)
  6101 | D:6      | XOM: scenery: 1 doors close
  6170 | D:6      | Found a basalt altar of Yredelemnul.
  6178 | D:6      | XOM: confusion (+ monsters)
  6187 | D:6      | Reached skill level 11 in Axes
  6195 | D:6      | Lost mutation: You are partially covered in slimy green scales. (AC +2) [potion of mutation]
  6195 | D:6      | Lost mutation: You are somewhat resistant to further mutation. [potion of mutation]
  6195 | D:6      | Lost mutation: Your muscles are strong. (Str +2) [potion of mutation]
  6195 | D:6      | Gained mutation: You are partially covered in iridescent scales. (AC +2) [potion of mutation]
  6195 | D:6      | Gained mutation: You possess an exceptional clarity of mind. [potion of mutation]
  6195 | D:6      | Gained mutation: You are robust. (+10% HP) [potion of mutation]
  6195 | D:6      | Gained mutation: Your spells are a little harder to cast, but a little more powerful. [potion of mutation]
  6454 | D:6      | XOM: enchant monster (good)
  6459 | D:6      | Gained mutation: You have sharp toenails. [mutagenic meat]
  6460 | D:6      | Gained mutation: You are dopey. (Int -2) [mutagenic meat]
  6461 | D:6      | Gained mutation: You are very agile. (Dex +4) [mutagenic meat]
  6588 | D:6      | Found an ancient bone altar of Kikubaaqudgha.
  6591 | D:6      | Found a blossoming altar of Fedhas.
  6653 | D:6      | XOM: cleaving
  6774 | D:7      | XOM: give mutations
  6774 | D:7      | Gained mutation: You are resistant to hostile enchantments. (MR+) [Xom's grace]
  6774 | D:7      | Gained mutation: You are partially covered in icy blue scales. (AC +2) [Xom's grace]
  6800 | D:7      | Found a shimmering altar of Xom.
  6811 | D:7      | Found Isatz's Book Boutique.
  7095 | D:7      | Reached skill level 5 in Fighting
  7151 | D:7      | XOM: god gift: 14 arrows
  7306 | D:7      | Found a glowing silver altar of Zin.
  7378 | D:7      | Found Memylil's Weapon Emporium.
  7617 | D:8      | Got a smoking chain mail
  7628 | D:8      | Identified the +8 chain mail of the Armoured One {rElec rN++ MR+} (You found it on level 8 of the Dungeon)
  7658 | D:8      | Reached XP level 10. HP: 78/84 MP: 10/10
  7721 | D:8      | Reached skill level 5 in Armour
  8227 | D:9      | Found a staircase to the Orcish Mines.
  8253 | D:9      | Noticed Maurice
  8256 | D:9      | XOM: scenery: create altars
  8274 | D:9      | XOM: divine lightning
  8277 | D:9      | Killed Maurice
  8319 | D:9      | Noticed a two-headed ogre
  8325 | D:9      | XOM: summons friendly ufetubus
  8327 | D:9      | XOM: enchant monster (good)
  8339 | D:9      | Killed a two-headed ogre
  8362 | D:9      | XOM: give mutations
  8362 | D:9      | Gained mutation: You occasionally shout uncontrollably at your foes. [Xom's mischief]
  8362 | D:9      | Lost mutation: You are dopey. (Int -2) [Xom's mischief]
  8362 | D:9      | Lost mutation: You are resistant to hostile enchantments. (MR+) [Xom's mischief]
  8362 | D:9      | Gained mutation: Your body sometimes deteriorates upon taking damage. [Xom's mischief]
  8425 | D:9      | XOM is BORED!
  8466 | D:9      | XOM: cloud trail
  8513 | D:9      | Found a snail-covered altar of Cheibriados.
  8513 | D:9      | Noticed Grum
  8523 | D:9      | Noticed a komodo dragon
  8533 | D:9      | XOM: summons friendly crimson imp
  8538 | D:9      | Killed a komodo dragon
  8544 | D:9      | Killed Grum
  8561 | D:9      | Noticed a two-headed ogre
  8578 | D:9      | Killed a two-headed ogre
  8581 | D:9      | Reached XP level 11. HP: 66/97 MP: 11/11
  8671 | D:9      | XOM: divination: magic mapping
  8725 | D:9      | Found a shattered altar of Ashenzari.
  9054 | D:9      | XOM: god gift: scroll of enchant weapon
  9197 | D:9      | XOM: polymorph killer bee -> howler monkey
  9378 | D:9      | XOM: enchant monster (good)
  9448 | D:9      | Reached skill level 10 in Fighting
  9673 | D:9      | XOM: confuse monster(s)
  9687 | D:9      | XOM: potion effect (brilliance)
  9706 | D:10     | Entered Level 10 of the Dungeon
  9765 | D:10     | XOM: enchant monster (bad)
  9773 | D:10     | XOM: cast spell 'Summon Mana Viper'
  9855 | D:10     | Noticed Joseph
  9858 | D:10     | XOM: summons friendly crimson imp
  9868 | D:10     | Killed Joseph
  9951 | D:10     | Found Bead's Food Shoppe.
 10014 | D:10     | Noticed Nergalle
 10040 | D:10     | Killed Nergalle
 10091 | D:10     | Found Xosops's Antique Weapon Shop.
 10093 | D:10     | Found a staircase to the Lair.
 10094 | D:10     | Noticed Urug
 10104 | D:10     | XOM: confuse monster(s)
 10455 | D:10     | XOM: noise
 10469 | D:10     | Noticed a two-headed ogre
 10748 | D:10     | XOM: cast spell 'Summon Horrible Things'
 10751 | D:10     | Killed a two-headed ogre
 10757 | D:10     | Killed Urug
 10757 | D:10     | Reached skill level 12 in Axes
 11038 | D:10     | Bought a dazzling hand axe for 216 gold pieces
 11038 | D:10     | Identified the +8 hand axe of Ascent {freeze, Dex+3} (You bought it in a shop on level 10 of the Dungeon)
 11559 | D:10     | XOM: scenery: 1 doors close
 11598 | Lair:1   | Entered Level 1 of the Lair of Beasts
 11598 | Lair:1   | Noticed a five-headed hydra
 11598 | Lair:1   | XOM: summons friendly shadow imp
 11615 | D:10     | Killed a five-headed hydra
 11722 | Lair:1   | XOM: confuse monster(s)
 11728 | Lair:1   | Reached XP level 12. HP: 92/108 MP: 12/12
 11823 | Lair:1   | Reached skill level 13 in Axes
 12018 | Lair:1   | XOM: severe Ice miscast
 12359 | Lair:1   | XOM: blink monster(s)
 12380 | Lair:1   | XOM: mild Tloc miscast
 12516 | Lair:2   | Reached skill level 14 in Axes
 12556 | Lair:2   | Noticed Harold
 12580 | Lair:2   | XOM: give mutations
 12580 | Lair:2   | Gained mutation: Your natural rate of healing is unusually fast. [Xom's grace]
 12580 | Lair:2   | Gained mutation: You are very robust. (+20% HP) [Xom's grace]
 12580 | Lair:2   | Gained mutation: You are covered in fur. (AC +1) [Xom's grace]
 12580 | Lair:2   | Gained mutation: You are somewhat resistant to further mutation. [Xom's grace]
 12581 | Lair:2   | Killed Harold
 12617 | Lair:2   | Found a dark tunnel.
 12621 | Lair:2   | XOM: enchant monster (bad)
 12637 | Volcano  | Entered a volcano
 12651 | Volcano  | XOM: fog
 12652 | Volcano  | XOM: swap monsters
 12664 | Volcano  | XOM: give mutations
 12664 | Volcano  | Lost mutation: Your natural rate of healing is unusually fast. [Xom's mischief]
 12664 | Volcano  | Lost mutation: Your body sometimes deteriorates upon taking damage. [Xom's mischief]
 12664 | Volcano  | Lost mutation: You are covered in fur. (AC +1) [Xom's mischief]
 12664 | Volcano  | Lost mutation: You are very agile. (Dex +4) [Xom's mischief]
 12755 | Volcano  | XOM: enchant monster (good)
 12760 | Volcano  | Reached skill level 15 in Axes
 12779 | Volcano  | XOM: mild Fire miscast
 12853 | Volcano  | XOM: divination: detect items
 12961 | Volcano  | XOM is BORED!
 12961 | Volcano  | XOM: give mutations
 12961 | Volcano  | Gained mutation: Your spells are harder to cast, but more powerful. [Xom's mischief]
 12961 | Volcano  | Lost mutation: You occasionally shout uncontrollably at your foes. [Xom's mischief]
 13035 | Volcano  | XOM: summons 2 friendly demons
 13041 | Volcano  | XOM: mild Ice miscast
 13228 | Volcano  | Noticed a skeletal warrior
 13230 | Volcano  | XOM: confuse monster(s)
 13237 | Volcano  | XOM: cast spell 'Metabolic Englaciation'
 13242 | Volcano  | Killed a skeletal warrior
 13242 | Volcano  | Reached XP level 13. HP: 124/124 MP: 13/13
 13751 | Lair:2   | Reached skill level 16 in Axes
 13772 | Lair:2   | Noticed Prince Ribbit
 13783 | Lair:2   | Killed Prince Ribbit
 13972 | Lair:2   | Found a staircase to the Snake Pit.
 14003 | Lair:2   | XOM: chaos upgrade
 14513 | Lair:2   | XOM: give mutations
 14513 | Lair:2   | Lost mutation: You are somewhat resistant to further mutation. [Xom's grace]
 14513 | Lair:2   | Gained mutation: You evolve. [Xom's grace]
 14513 | Lair:2   | Gained mutation: Your flesh is heat resistant. (rF+) [Xom's grace]
 14971 | Lair:3   | XOM: cleaving
 15014 | Lair:3   | Reached skill level 17 in Axes
 15128 | Lair:3   | XOM: divination: magic mapping
 15132 | Lair:3   | Reached skill level 10 in Armour
 15156 | Lair:3   | XOM: god gift: fine rapier {god gift}
 15157 | Lair:3   | Got a fine rapier {god gift}
 15289 | Lair:3   | XOM: divination: detect items
 15291 | Lair:3   | XOM: chaos cloud
 15291 | Lair:3   | XOM: smoke on damage
 15293 | Lair:3   | XOM: polymorph yak -> blink frog
 15851 | Lair:3   | XOM: divination: magic mapping
 15864 | Lair:4   | XOM: stealth player
 16011 | Lair:4   | Lost mutation: Your flesh is heat resistant. (rF+) [evolution]
 16011 | Lair:4   | Lost mutation: You evolve. [end of evolution]
 16100 | Lair:4   | XOM: give mutations
 16100 | Lair:4   | Gained mutation: You have sharp fingernails. [Xom's grace]
 16100 | Lair:4   | Gained mutation: Your system is resistant to poisons. (rPois) [Xom's grace]
 16100 | Lair:4   | Gained mutation: Your mind is acute. (Int +2) [Xom's grace]
 16100 | Lair:4   | Gained mutation: You are somewhat resistant to further mutation. [Xom's grace]
 16108 | Lair:4   | XOM: fog
 16279 | Lair:4   | XOM: give mutations
 16279 | Lair:4   | Gained mutation: You are covered in fur. (AC +1) [Xom's grace]
 16279 | Lair:4   | Gained mutation: Your flesh is cold resistant. (rC+) [Xom's grace]
 16279 | Lair:4   | Gained mutation: You are resistant to electric shocks. (rElec) [Xom's grace]
 16279 | Lair:4   | Gained mutation: You have a beak for a mouth. [Xom's grace]
 16432 | Lair:4   | XOM: god gift: ichor-stained broad axe {god gift}
 16433 | Lair:4   | Got an ichor-stained broad axe {god gift}
 16435 | Lair:4   | Identified the +6 broad axe of the Hierophant {chaos, rF+ rC+ Str-3 Dex+6} (Xom gifted it to you on level 4 of the Lair of Beasts)
 16705 | Lair:4   | Reached XP level 14. HP: 136/136 MP: 14/14
 16858 | Lair:4   | XOM: harmless Tloc miscast
 17173 | Lair:5   | XOM: confuse monster(s)
 17191 | Lair:5   | Slain by a 13-headed hydra

Vault maps used:
D:1:      nicolae_arrival_memento_mori
D:2:      lemuel_crystal_altar, first_bread
D:3:      cheibrodos_fertilizer, nicolae_overflow_hidden_temple,
          grunt_ministairs_8
D:4:      lemuel_round_altar
D:5:      minmay_temple_entry_trees, serial_bayou_lagoon_a,
          hangedman_decor_growths, kennysheep_potato, uniq_grinder
D:6:      grunt_temple_overflow_growth_and_decay, yredelemnul_altar_generic
D:7:      nicolae_overflow_crystal_walls, zin_academy, serial_shops, shop, shop
D:9:      cheibrodos_ashenzari_chains, slow_altar_1, orc_0_dummy,
          david_nohive_1, uniq_grum, uniq_maurice
D:10:     lair_entry_dummy, serial_shops, shop, nicolae_shop_crystal, uniq_urug,
          uniq_joseph, uniq_nergalle
Lair:1:   minivault_25, lemuel_fruit_fields
Lair:2:   guppyfry_snake_entry_island, nicolae_volcano_entry_batcave,
          beast_lair_carwin_1, uniq_harold, uniq_prince_ribbit2
Lair:3:   nicolae_swamp_entry_splash_gauntlet, beast_lair_carwin_8,
          grunt_megastairs_5, lemuel_fruit_tree
Lair:4:   kennysheep_basilisk_garden
Lair:5:   dpeg_slime_entry_corner, minmay_lair_oklob_chamber
Volcano:  volcano_tomb

Skill      XL: |  1  2  3  4  5  6  7  8  9 10 11 12 13 |
---------------+----------------------------------------+-----
Axes           | 4 5 6 7 8 10 11 12 15 17 | 17.6
Armour         | 4 8 9 11 | 11.0
Fighting       | 6 9 10 11 | 11.8
Dodging        | |  0.8

Action                   |  1- 3 |  4- 6 |  7- 9 | 10-12 | 13-15 || total
-------------------------+-------+-------+-------+-------+-------++-------
Melee: Hand axe          |    97 |   143 |     9 |   242 |       ||   491
       Morningstar       |       |       |   372 |   346 |       ||   718
       Kick              |       |       |    23 |   250 |   106 ||   379
       Battleaxe         |       |       |       |    50 |   139 ||   189
       Scythe            |       |       |       |       |   104 ||   104
       Broad axe         |       |       |       |       |    71 ||    71
       Peck              |       |       |       |       |    25 ||    25
 Abil: Dig               |       |     5 |     3 |    13 |     1 ||    22
  Use: Scroll            |       |     2 |     8 |     8 |     5 ||    23
       Potion            |       |     2 |     3 |     1 |     1 ||     7
 Stab: Petrifying        |       |     1 |       |       |       ||     1
       Paralysed         |       |       |     1 |     1 |     3 ||     5
       Confused          |       |       |       |     4 |     3 ||     7
       Distracted        |       |       |       |     1 |       ||     1
       Invisible         |       |       |       |       |     2 ||     2
       Petrified         |       |       |       |       |     3 ||     3
  Eat: Chunk             |     3 |     7 |    15 |    20 |     5 ||    50
       Bread ration      |       |       |     1 |     2 |     1 ||     4
Armor: Leather armour    |    36 |    37 |       |       |       ||    73
       Chain mail        |       |    31 |   312 |   570 |   250 ||  1163
Dodge: Dodged            |    66 |    79 |   195 |   292 |   150 ||   782
